 Dungeon Crawl Stone Soup version 0.21.1-1-g345015f (webtiles) character file.

135340 troglodite the Blocker (level 16, -1/128 HPs)
             Began as a Demonspawn Berserker on July 22, 2018.
             Was a High Priest of Trog.
             Slain by Polyphemus (14 damage)
             ... on level 3 of the Shoals on July 23, 2018.
             The game lasted 01:57:53 (35448 turns).

troglodite the Blocker (Demonspawn Berserker)      Turns: 35448, Time: 01:57:54

Health: -1/128     AC: 34    Str: 34    XL:     16   Next: 64%
Magic:  16/16      EV:  2    Int:  9    God:    Trog [*****.]
Gold:   1753       SH:  0    Dex: 26    Spells: 15/15 levels left

rFire    + . .     SeeInvis +   h - +9 staff of Olgreb {rPois}
rCold    x . .     Gourm    +   e - +0 shield {reflect}
rNeg     + + +     Faith    .   B - +0 storm dragon scales "Vomergh" {rElec rF- Str+5}
rPois    ∞         Spirit   .   (helmet unavailable)
rElec    +         Reflect  +   v - +1 cloak
rCorr    .         Harm     .   r - +2 pair of gloves
MR       ++...                  s - +2 pair of boots {Stlth+}
Stlth    ++........             Z - amulet of Buraesch {Gourm rC- Dex+4 SInv}
HPRegen  0.31/turn              C - ring of protection from magic
MPRegen  0.15/turn              V - ring "Cuuley" {*Contam rF++ Str+4 Slay+5}

@: mighty, agile, petrified, sanguine armour, berserk cooldown, mesmerised,
slowed
A: antennae 3, powered by pain 2, spiny 2, sanguine armour 2
a: Berserk, Trog's Hand, Brothers in Arms, Burn Spellbooks, Renounce Religion


You were on level 3 of the Shoals.
You worshipped Trog.
Trog was extremely pleased with you.
You were very full.

You visited 4 branches of the dungeon, and saw 26 of its levels.
You also visited: Labyrinth.

You collected 3097 gold pieces.
You spent 1344 gold pieces at shops.

Inventory:

Hand Weapons
 h - the +9 staff of Olgreb (weapon) {rPois}
   (You found it on level 6 of the Dungeon)

   It protects you from poison.
 q - the +3 broad axe of Kakaneux {elec, rElec rF+}
   (You found it on level 6 of the Lair of Beasts)

   Occasionally, upon striking a foe, it will discharge some electrical energy
   and cause terrible harm.
   It protects you from fire.
   It insulates you from electricity.
 L - the +3 war axe of Destiny {flame, rElec rF+ MP+9 Dex+3}
   (You found it on level 13 of the Dungeon)

   It has been specially enchanted to burn those struck by it, causing extra
   injury to most foes and up to half again as much damage against particularly
   susceptible opponents.
   Big, fiery blades are also staple armaments of hydra-hunters.
   It affects your dexterity (+3).
   It protects you from fire.
   It insulates you from electricity.
   It affects your magic capacity (+9).
 Q - a +7 antimagic falchion
Armour
 e - a +0 shield of reflection (worn)
 o - a +0 shield of cold resistance
 r - a +2 pair of gloves (worn)
 s - a +2 pair of boots of stealth (worn)
 v - a +1 cloak (worn)
 B - the +0 storm dragon scales "Vomergh" (worn) {rElec rF- Str+5}
   (You found it on level 1 of the Lair of Beasts)

   It affects your strength (+5).
   It makes you vulnerable to fire.
   It insulates you from electricity.
 T - the +2 ring mail of Duhecwam {*Contam +Inv Dex+2}
   (You found it on level 15 of the Dungeon)

   It affects your dexterity (+2).
   It lets you turn invisible.
   It causes magical contamination when unequipped.
Jewellery
 d - an uncursed ring of positive energy
 y - an uncursed amulet of regeneration
 C - a ring of protection from magic (left hand)
 I - an uncursed ring of ice
 O - a +2 amulet of reflection
 V - the ring "Cuuley" (right hand) {*Contam rF++ Str+4 Slay+5}
   (You acquired it on level 4 of the Lair of Beasts)

   [ring of slaying]

   It affects your strength (+4).
   It affects your accuracy and damage with ranged weapons and melee attacks
   (+5).
   It greatly protects you from fire.
   It causes magical contamination when unequipped.
 Z - the amulet of Buraesch (around neck) {Gourm rC- Dex+4 SInv}
   (You acquired it on level 5 of the Lair of Beasts)

   [amulet of the gourmand]

   It allows you to eat raw meat even when not hungry.
   It affects your dexterity (+4).
   It makes you vulnerable to cold.
   It lets you see invisible.
Wands
 x - a wand of flame (25)
Scrolls
 a - 2 scrolls of silence
 f - 17 scrolls of remove curse
 j - 2 scrolls of magic mapping
 l - 6 scrolls of fear
 n - 3 scrolls of blinking
 w - 12 scrolls of teleportation
 z - a scroll of fog
 G - a scroll of summoning
 M - 2 scrolls of identify
 P - a scroll of enchant armour
Potions
 b - a potion of heal wounds
 g - 6 potions of haste
 i - 4 potions of lignification
 m - a potion of magic
 p - 5 potions of brilliance
 t - 5 potions of mutation
 u - a potion of cancellation
 A - 2 potions of might
 D - 2 potions of resistance
 E - a potion of flight
 F - 2 potions of invisibility
 J - 7 potions of curing
 R - 2 potions of agility
 W - 2 potions of ambrosia
 X - a potion of berserk rage
Books
 S - a book of Beasts

   Spells                             Type                      Level
   a - Summon Butterflies             Summoning                    1
   b - Call Canine Familiar           Summoning                    3
   c - Summon Ice Beast               Ice/Summoning                4
   d - Summon Mana Viper              Hexes/Summoning              5
   e - Summon Hydra                   Summoning                    7
   Trog disapproves of the use of such an item.
Comestibles
 c - 34 rations
 k - 2 chunks of flesh


   Skills:
 * Level 12.3 Fighting
 - Level 7.0 Long Blades
 * Level 12.7 Staves
 * Level 13.0 Armour
 * Level 10.5 Dodging
 + Level 2.2 Stealth
 * Level 13.7 Shields


You had 15 spell levels left.
You didn't know any spells.

Dungeon Overview and Level Annotations

Branches:
Dungeon (15/15)            Temple (0/1) D:5            Lair (6/6) D:11
 Shoals (3/4) Lair:2       Spider (0/4) Lair:4        Slime (0/5) Lair:6
    Orc (2/2) D:9             Elf (0/3) Orc:2        Vaults (0/5) D:13
 Depths (0/5) D:15

Altars:
Ashenzari
Cheibriados
Elyvilon
Fedhas
Gozag
Nemelex Xobeh
Okawaru
Trog
Xom
Yredelemnul
The Shining One

Shops:
D:5 }   D:13 (   D:15 ::!   Orc:2 **(?

Annotations:
D:6 1 runed door
Shoals:3 Polyphemus


Innate Abilities, Weirdness & Mutations

You have a pair of large antennae on your head. (SInv)
You sometimes gain power by taking damage.
You are mostly covered in sharp spines.
When seriously injured, your bleeding wounds create thick armour. (AC +9)


Message History

The catoblepas closely misses you.
The death yak gores you but does no damage.
The merfolk avatar chants its luring song.
The death yak gores you but does no damage.
The death yak gores you!
* * * LOW HITPOINT WARNING * * *
Polyphemus is struck by your spines. Polyphemus closely misses you.
Polyphemus hits you!
* * * LOW HITPOINT WARNING * * *
The catoblepas is struck by your spines.
The catoblepas barely misses you. The death yak is struck by your spines.
The death yak gores you but does no damage.
The merfolk avatar chants its luring song.
The death yak is struck by your spines. The death yak gores you!
* * * LOW HITPOINT WARNING * * *
The death yak is struck by your spines.
The death yak gores you but does no damage.
You have turned to stone.
Polyphemus hits you!!
You die...

≈....?...≈≈≈
....≈...≈≈
...≈≈...
##......
#...... #.....
#..Y## #..Y@#
#...YCY.≈....
##...........
#..≈≈...≈≈..
...>..≈..≈≈≈≈
....≈≈≈≈m≈.≈≈≈
......≈≈≈≈≈≈≈≈≈
..≈≈...≈≈≈≈≈≈≈≈


You could see Polyphemus, a merfolk avatar, 3 death yaks and a catoblepas.

Vanquished Creatures
  Gastronok (D:12)
  2 krakens (Shoals:2)
  Donald (Shoals:2)
  The ghost of Tommers the Imperceptible, an adept SpAs of Dithmenos (Shoals:1)
  3 merfolk impalers
  A minotaur (Lab)
  Josephine (Lair:4)
  An ettin (D:15)
  A great orb of eyes (D:14)
  4 vault guards (D:13)
  9 hydras
  Erica (D:8)
  4 centaur warriors
  A merfolk avatar (Shoals:2)
  A death knight (D:14)
  A merfolk aquamancer (Shoals:2)
  3 ogre magi
  The ghost of Lilu the Thaumaturge, a journeyman DECj of Vehumet (Lair:1)
  13 two-headed ogres
  A death yak (Shoals:3)
  An orc high priest (Orc:2)
  2 tengu warriors
  Nergalle (D:11)
  The ghost of wojtek the Cleaver, a novice MiFi of Okawaru (D:7)
  8 skeletal warriors
  A deep troll (D:15)
  7 sea snakes
  2 deep elf archers
  A wizard (D:13)
  6 harpies (Shoals:2)
  A deep elf mage (D:15)
  12 ugly things
  7 orc sorcerers
  5 manticores
  An oklob plant (D:12)
  2 orc knights
  4 cyclopes
  A faun (Shoals:2)
  4 centaur zombies
  7 elephants
  3 merfolk sirens
  A torpor snail (Lair:3)
  4 gargoyles
  5 black mambas
  3 rime drakes
  25 spiny frogs
  4 kobold demonologists (D:15)
  An efreet (D:14)
  2 yaktaurs (D:13)
  6 komodo dragons
  A tengu conjurer (D:11)
  4 polar bears
  9 merfolk
  A merfolk (shapeshifter) (D:14)
  5 trolls
  A wind drake (Shoals:1)
  13 hornets
  2 snapping turtles (Shoals:2)
  6 slime creatures
  16 hippogriffs
  17 blink frogs
  A meliai zombie (D:14)
  4 water elementals
  11 spriggans (Lair:6)
  A shadow (D:15)
  3 wyverns
  6 basilisks
  A fire bat (shapeshifter) (D:14)
  50 yaks
  5 wraiths (Lair:4)
  A warg (Orc:2)
  3 vampire mosquitoes (D:15)
  4 acid dragons
  2 soldier ants (D:6)
  Edmund (D:5)
  5 hell hounds (D:13)
  17 water moccasins
  19 porcupines
  9 ice beasts
  20 orc warriors
  3 sky beasts
  An eye of draining (shapeshifter) (D:14)
  A hornet zombie (D:10)
  8 ogres
  A necrophage (D:8)
  4 boggarts (Lair:6)
  5 phantoms
  5 black bears
  24 wolves
  7 centaurs
  16 crocodiles
  A crocodile (shapeshifter) (D:13)
  4 big kobolds
  18 bullfrogs
  A gnoll sergeant (D:8)
  4 scorpions
  The ghost of Jaiteiro the Ducker, a weakling TrFi (D:3)
  25 killer bees
  3 howler monkeys
  An oklob sapling (D:12)
  6 wights
  2 electric eels (Lair:4)
  4 crimson imps
  3 bullfrog zombies
  A lava snake (Lair:6)
  Crazy Yiuf (D:5)
  4 hounds
  7 jellies
  16 orc priests
  4 centaur skeletons
  28 orc wizards
  5 bullfrog skeletons
  Jessica (D:2)
  3 iguanas
  12 worker ants
  A hound skeleton (D:10)
  18 adders
  6 gnolls
  A howler monkey skeleton (D:6)
  8 shadow imps
  8 oozes
  4 worms (D:2)
  5 dart slugs
  6 leopard geckos
  65 orcs
  10 ball pythons
  10 bats
  4 giant cockroaches
  14 goblins
  7 hobgoblins
  7 jackals
  24 kobolds
  4 quokkas
  5 frilled lizards
  7 rats
  2 fungi
  7 tentacles (Shoals:2)
870 creatures vanquished.

Vanquished Creatures (collateral kills)
  Nessos (D:15)
  Azrael (D:13)
  A fire dragon (Lair:1)
  6 elephants (Lair:5)
  3 soldier ants (D:6)
  2 water moccasins (D:6)
  3 orc warriors
  A killer bee (D:6)
  A crimson imp (D:12)
  An orc priest (D:12)
  A worker ant (D:6)
  2 orcs (D:12)
  A quokka (D:12)
24 creatures vanquished.

Vanquished Creatures (others)
  An orc knight (Orc:2)
  10 fungi
  13 plants
  15 tentacles (Shoals:2)
39 creatures vanquished.

Grand Total: 933 creatures vanquished

Notes
Turn   | Place    | Note
-------+----------+-------------------------------------------
     0 | D:1      | troglodite the Demonspawn Berserker began the quest for the Orb.
     0 | D:1      | Reached XP level 1. HP: 18/18 MP: 1/1
   139 | D:1      | HP: 1/27 [frilled lizard (1)]
   142 | D:1      | Gained mutation: When seriously injured, your bleeding wounds create armour. (AC +9) [demonic ancestry]
   142 | D:1      | Reached XP level 2. HP: 2/24 MP: 2/2
  1073 | D:2      | Found an iron altar of Okawaru.
  1082 | D:2      | Reached ** piety under Trog
  1087 | D:2      | Reached XP level 3. HP: 29/29 MP: 3/3
  1384 | D:2      | Noticed Jessica
  1400 | D:2      | Killed Jessica
  1400 | D:2      | Reached XP level 4. HP: 21/37 MP: 4/4
  1766 | D:3      | Gained mutation: When seriously injured, your bleeding wounds create thick armour. (AC +9) [demonic ancestry]
  1766 | D:3      | Reached XP level 5. HP: 24/42 MP: 5/5
  2094 | D:3      | Noticed Jaiteiro's ghost (weakling TrFi)
  2108 | D:3      | Killed Jaiteiro's ghost
  2108 | D:3      | Reached *** piety under Trog
  2111 | D:3      | Reached XP level 6. HP: 43/48 MP: 6/6
  2156 | D:3      | Found a blossoming altar of Fedhas.
  2579 | D:4      | Found a glowing golden altar of the Shining One.
  3574 | D:5      | Entered Level 5 of the Dungeon
  3633 | D:5      | Found a staircase to the Ecumenical Temple.
  3788 | D:5      | Noticed a sky beast
  3800 | D:5      | Killed a sky beast
  3800 | D:5      | Reached skill level 1 in Stealth
  3800 | D:5      | Gained mutation: You sometimes gain a little power by taking damage. [demonic ancestry]
  3800 | D:5      | Reached XP level 7. HP: 55/55 MP: 7/7
  3857 | D:5      | Reached **** piety under Trog
  3863 | D:5      | Found Lamytt's Gadget Boutique.
  4029 | D:5      | Reached skill level 5 in Long Blades
  4356 | D:5      | Found a runed door.
  4360 | D:5      | Noticed Crazy Yiuf
  4365 | D:5      | Killed Crazy Yiuf
  4562 | D:5      | Noticed Edmund
  4606 | D:5      | HP: 2/55 [Edmund/flail of protection (9)]
  4611 | D:5      | Killed Edmund
  5380 | D:6      | Found a snail-covered altar of Cheibriados.
  5409 | D:6      | Reached skill level 5 in Fighting
  5409 | D:6      | Gained mutation: You sometimes gain power by taking damage. [demonic ancestry]
  5409 | D:6      | Reached XP level 8. HP: 51/62 MP: 8/8
  5493 | D:6      | Found a runed door.
  5494 | D:6      | Found a runed gate.
  5509 | D:6      | Found the +9 staff of Olgreb {rPois}
  5515 | D:6      | Found a runed door.
  5548 | D:6      | Found a runed gate.
  5564 | D:6      | Found a runed gate.
  5592 | D:6      | Reached skill level 5 in Armour
  6394 | D:6      | Reached skill level 5 in Dodging
  6577 | D:6      | Gained mutation: You are partially covered in sharp spines. [demonic ancestry]
  6577 | D:6      | Reached XP level 9. HP: 69/69 MP: 9/9
  6929 | D:6      | Found a white marble altar of Elyvilon.
  6992 | D:6      | Found a shattered altar of Ashenzari.
  7001 | D:6      | Found a sparkling altar of Nemelex Xobeh.
  7001 | D:6      | Found a basalt altar of Yredelemnul.
  7022 | D:6      | Found an opulent altar of Gozag.
  7536 | D:7      | Reached skill level 1 in Staves
  7570 | D:7      | Reached skill level 1 in Shields
  7692 | D:7      | Noticed wojtek's ghost (novice MiFi)
  7717 | D:7      | Killed wojtek's ghost
  8077 | D:7      | Gained mutation: You are mostly covered in sharp spines. [demonic ancestry]
  8077 | D:7      | Reached XP level 10. HP: 78/79 MP: 10/10
  8320 | D:8      | Noticed a two-headed ogre
  8330 | D:8      | Killed a two-headed ogre
  8364 | D:8      | Noticed a two-headed ogre
  8374 | D:8      | Killed a two-headed ogre
  8690 | D:8      | Noticed Erica
  8713 | D:8      | Killed Erica
  8922 | D:8      | Reached skill level 5 in Staves
  9398 | D:9      | Reached ***** piety under Trog
  9525 | D:9      | Noticed a two-headed ogre
  9534 | D:9      | Killed a two-headed ogre
  9583 | D:9      | Found a shimmering altar of Xom.
  9719 | D:9      | Reached XP level 11. HP: 82/86 MP: 11/11
 10006 | D:9      | Found a staircase to the Orcish Mines.
 10063 | D:10     | Entered Level 10 of the Dungeon
 10188 | D:10     | Noticed a two-headed ogre
 10198 | D:10     | Killed a two-headed ogre
 10312 | D:10     | Received a gift from Trog
 10950 | D:11     | Noticed Nergalle
 10953 | D:11     | Noticed a six-headed hydra
 10962 | D:11     | Killed Nergalle
 10969 | D:11     | Killed a six-headed hydra
 11159 | D:11     | Paralysed by an orc for 2 turns
 11161 | D:11     | Noticed a two-headed ogre
 11175 | D:11     | Reached skill level 5 in Shields
 11176 | D:11     | Killed a two-headed ogre
 11225 | D:11     | Reached XP level 12. HP: 15/94 MP: 12/12
 11764 | D:11     | Noticed a tengu warrior
 11783 | D:11     | Killed a tengu warrior
 12039 | D:11     | Found a staircase to the Lair.
 13214 | D:12     | Noticed Gastronok
 13241 | D:12     | Killed Gastronok
 13524 | D:12     | Reached skill level 10 in Armour
 14923 | Orc:1    | Entered Level 1 of the Orcish Mines
 15192 | Orc:2    | Entered Level 2 of the Orcish Mines
 15458 | Orc:2    | Found a bloodstained altar of Trog.
 16303 | Orc:2    | Gained mutation: You have a pair of small antennae on your head. [demonic ancestry]
 16303 | Orc:2    | Reached XP level 13. HP: 101/101 MP: 13/13
 16568 | Orc:2    | HP: 2/101 [orc warrior/glaive[an orc knight] (36)]
 17008 | Orc:2    | Found a staircase to the Elven Halls.
 18322 | Orc:2    | Found Viwn's General Store.
 18322 | Orc:2    | Found Ysmisi's Assorted Antiques.
 18323 | Orc:2    | Found Bidusott's Magic Scroll Boutique.
 18388 | Orc:2    | Found Icyhuipn's Weapon Boutique.
 18450 | Orc:2    | Bought a scroll of identify for 28 gold pieces
 18450 | Orc:2    | Bought a scroll of enchant weapon for 105 gold pieces
 18450 | Orc:2    | Bought a scroll of enchant weapon for 105 gold pieces
 18450 | Orc:2    | Bought a scroll of blinking for 105 gold pieces
 18458 | Orc:2    | Bought a small ivory ring for 130 gold pieces
 18458 | Orc:2    | Bought a pair of glowing gloves for 195 gold pieces
 18458 | Orc:2    | Bought a glowing plate armour for 676 gold pieces
 19165 | Lair:1   | Entered Level 1 of the Lair of Beasts
 19208 | Lair:1   | Noticed Lilu's ghost (journeyman DECj)
 19221 | Lair:1   | Killed Lilu's ghost
 19466 | Lair:1   | Reached skill level 10 in Staves
 19774 | Lair:1   | Noticed a fire dragon
 19779 | Lair:1   | HP: 5/102 [fire dragon/blast of flame (28)]
 19790 | Lair:1   | Killed a fire dragon
 19820 | Lair:1   | Got scorched storm dragon scales
 19832 | Lair:1   | Identified the +0 storm dragon scales "Vomergh" {rElec rF- Str+5} (You found it on level 1 of the Lair of Beasts)
 20773 | Lair:2   | Found a shattered altar of Ashenzari.
 20800 | Lair:2   | Reached skill level 10 in Fighting
 21387 | Lair:2   | Found a staircase to the Shoals.
 21429 | Lair:2   | Received a gift from Trog
 21722 | Lair:3   | Gained mutation: You have a pair of antennae on your head. [demonic ancestry]
 21722 | Lair:3   | Reached XP level 14. HP: 110/110 MP: 14/14
 23506 | Lair:4   | Identified a scroll of acquirement
 23520 | Lair:4   | Found a hole to the Spider Nest.
 23615 | Lair:4   | Got a vibrating glass ring
 23617 | Lair:4   | Identified the ring "Cuuley" {*Contam rF++ Str+4 Slay+5} (You acquired it on level 4 of the Lair of Beasts)
 23776 | Lair:4   | Noticed Josephine
 23795 | Lair:4   | Killed Josephine
 23795 | Lair:4   | Received a gift from Trog
 23795 | Lair:4   | Reached skill level 10 in Shields
 24977 | Lair:5   | Got a scintillating platinum amulet
 24982 | Lair:5   | Identified the amulet of Buraesch {Gourm rC- Dex+4 SInv} (You acquired it on level 5 of the Lair of Beasts)
 25011 | Lair:5   | Found a labyrinth entrance.
 25192 | Lab      | Entered a labyrinth
 26254 | Lair:5   | Received a gift from Trog
 27066 | Lair:6   | Entered Level 6 of the Lair of Beasts
 27075 | Lair:6   | Got an ivory broad axe
 27076 | Lair:6   | Identified the +3 broad axe of Kakaneux {elec, rElec rF+} (You found it on level 6 of the Lair of Beasts)
 27385 | Lair:6   | Found a staircase to the Slime Pits.
 27561 | Lair:6   | Gained mutation: You have a pair of large antennae on your head. (SInv) [demonic ancestry]
 27561 | Lair:6   | Reached XP level 15. HP: 85/118 MP: 15/15
 27759 | Lair:6   | Received a gift from Trog
 29263 | D:13     | Found Kucheror's Antique Weapon Boutique.
 29330 | D:13     | Got a crude war axe
 29331 | D:13     | Identified the +3 war axe of Destiny {flame, rElec rF+ MP+9 Dex+3} (You found it on level 13 of the Dungeon)
 29477 | D:13     | Noticed Azrael
 29483 | D:13     | Killed Azrael
 29938 | D:13     | Received a gift from Trog
 30054 | D:13     | Found a gate to the Vaults.
 31235 | D:15     | Entered Level 15 of the Dungeon
 31378 | D:15     | Found Qirphi Cua's Book Shoppe.
 31382 | D:15     | Received a gift from Trog
 31459 | D:15     | Reached skill level 10 in Dodging
 31767 | D:15     | Found Hiatow's Book Emporium.
 31891 | D:15     | Reached XP level 16. HP: 127/127 MP: 16/16
 32368 | D:15     | Found Vuyvivos's Distillery.
 32402 | D:15     | Noticed Nessos
 32420 | D:15     | Killed Nessos
 32551 | D:15     | Got a brightly glowing ring mail
 32562 | D:15     | Identified the +2 ring mail of Duhecwam {*Contam +Inv Dex+2} (You found it on level 15 of the Dungeon)
 32588 | D:15     | Found a staircase to the Depths.
 33041 | Shoals:1 | Entered Level 1 of the Shoals
 33048 | Shoals:1 | Noticed Tommers's ghost (adept SpAs)
 33104 | Shoals:1 | Killed Tommers's ghost
 33646 | Shoals:2 | Noticed a kraken
 33688 | Shoals:2 | Killed a kraken
 33693 | Shoals:2 | Received a gift from Trog
 34558 | Shoals:2 | Noticed Donald
 34569 | Shoals:2 | Killed Donald
 34722 | Shoals:2 | Noticed a kraken
 34963 | Shoals:2 | Killed a kraken
 35423 | Shoals:3 | Noticed Polyphemus
 35448 | Shoals:3 | Slain by Polyphemus

Skill      XL: |  1  2  3  4  5  6  7  8  9 10 11 12 13 14 15 16 |
---------------+-------------------------------------------------+-----
Long Blades    | 3 4 5 6 7 |  7.0
Dodging        | 2 3 4 5 6 7 8 9 10 | 10.5
Armour         | 2 3 4 5 7 8 9 10 11 12 13 | 13.0
Fighting       | 4 5 7 8 9 10 11 12 | 12.3
Stealth        | 1 2 |  2.2
Staves         | 2 5 8 9 10 11 12 | 12.7
Shields        | 1 3 5 7 9 11 12 13 | 13.7

Action                   |  1- 3 |  4- 6 |  7- 9 | 10-12 | 13-15 | 16-18 || total
-------------------------+-------+-------+-------+-------+-------+-------++-------
Melee: Falchion          |   121 |   257 |   285 |       |       |       ||   663
       Staff             |       |       |    79 |   833 |  1703 |   457 ||  3072
       Scimitar          |       |       |       |       |    33 |       ||    33
Invok: Berserk           |     3 |     5 |     9 |    11 |    18 |     3 ||    49
       Brothers in Arms  |       |       |     2 |     2 |     5 |     1 ||    10
       Burn Spellbooks   |       |       |       |     1 |     5 |     1 ||     7
Evoke: Wand              |       |       |       |       |     5 |       ||     5
       Staff of Olgreb   |       |       |       |       |     1 |       ||     1
  Use: Scroll            |       |     2 |     4 |    24 |    24 |     1 ||    55
       Potion            |       |       |     3 |     1 |     7 |     4 ||    15
 Stab: Sleeping          |     1 |       |       |       |       |       ||     1
  Eat: Chunk             |     4 |    12 |     7 |    27 |    88 |    15 ||   153
       Ration            |       |       |     5 |     3 |     6 |       ||    14
Armor: Animal skin       |     7 |       |       |       |       |       ||     7
       Ring mail         |    40 |   115 |    24 |       |       |       ||   179
       Chain mail        |       |       |   172 |   253 |    20 |       ||   445
       Storm dragon scal |       |       |       |       |   474 |   149 ||   623
       Plate armour      |       |       |       |       |    30 |       ||    30
Dodge: Dodged            |    91 |   188 |   136 |   300 |   645 |   167 ||  1527
Block: Buckler           |       |       |    20 |   133 |       |       ||   153
       Shield            |       |       |       |   221 |  1092 |   266 ||  1579
       Reflection        |       |       |       |     5 |     6 |     2 ||    13
       Rpst.: Falchion   |    23 |    60 |    34 |       |       |       ||   117
       Scimitar          |       |       |       |       |     1 |       ||     1
